 Dungeon Crawl Stone Soup version 0.31-a0-150-g89dc3ad700 (webtiles) character file.

Game seed: 4367855803136342615

2569 qw the Skirmisher (level 9, -3/79 HPs)
             Began as a Minotaur Hunter on June 8, 2023.
             Was an Initiate of Okawaru.
             Slain by an orc warrior
             ... wielding a +0 war axe
              (11 damage)
             ... on level 7 of the Dungeon.
             The game lasted 00:03:21 (7368 turns).

qw the Skirmisher (Minotaur Hunter)                 Turns: 7368, Time: 00:03:22

Health: -3/79      AC:  6    Str: 17    XL:     9   Next: 31%
Magic:  8/8        EV: 14    Int:  6    God:    Okawaru [......]
Gold:   339        SH:  5    Dex: 17    Spells: 8/8 levels left

rFire   . . .        Y - +0 shortbow
rCold   . . .        (shield currently unavailable)
rNeg    + . .        c - +0 leather armour {rPois}
rPois   +            (helmet restricted)
rElec   .            a - +1 cloak
rCorr   .            (no gloves)
SInv    .            h - +0 pair of boots
Will    .....        k - amulet of reflection
Stlth   ++           f - ring of positive energy
HPRegen 0.33/turn    (no ring)
MPRegen 0.11/turn

%: reflection
@: no status effects
A: horns 2, retaliatory headbutt
a: Renounce Religion


You were on level 7 of the Dungeon.
You worshipped Okawaru.
Okawaru was noncommittal.
You visited 2 branches of the dungeon, and saw 8 of its levels.
You also visited: Sewer.

You collected 399 gold pieces.
You spent 60 gold pieces at shops.


Innate Abilities, Weirdness & Mutations

You have a pair of horns on your head.
You reflexively headbutt those who attack you in melee.


   Skills:
 + Level 7.2 Fighting
 - Level 12.0 Ranged Weapons
 - Level 2.3 Armour
 - Level 5.0 Dodging
 - Level 0.7 Stealth


You had 8 spell levels left.
You didn't know any spells.
Your spell library was empty.

Inventory:

Hand Weapons
 Y - a +0 shortbow (weapon)
Armour
 a - a +1 cloak (worn)
 c - a +0 leather armour of poison resistance (worn)
 h - a +0 pair of boots (worn)
 i - a +0 ring mail
Jewellery
 f - a ring of positive energy (left hand)
 k - an amulet of reflection (around neck)
Scrolls
 e - 4 scrolls of identify
 g - a scroll of blinking {unknown}
Potions
 b - a potion of cancellation
 d - 2 potions of curing

Dungeon Overview and Level Annotations

Branches:
Dungeon (7/15)             Temple (1/1) D:6           Sewer (visited)

Altars:
Ashenzari
Cheibriados
Elyvilon
Fedhas
Gozag
Hepliaklqana
Kikubaaqudgha
Makhleb
Nemelex Xobeh
Okawaru
Qazlal
Ru
Sif Muna
Trog
Uskayaw
Vehumet
Wu Jian
Xom
Yredelemnul
Zin
The Shining One

Shops:
D:2 (   D:3 !

Annotations:
D:7 Maggie


Message History

The arrow closely misses the orc warrior.
The orc priest calls upon Beogh to heal the orc warrior.
The orc warrior is healed somewhat.
You block the orc's attack.
The orc warrior hits you with a +0 war axe!
You shoot an arrow.
The arrow hits the orc warrior but does no damage.
The orc warrior is severely wounded.
The orc priest invokes the aid of Beogh against you.
Beogh smites you! The orc hits you but does no damage.
The orc warrior completely misses you. You furiously retaliate!
You headbutt the orc warrior. You shoot an arrow.
The arrow closely misses the orc warrior.
You shoot an arrow. The arrow hits the orc warrior!
The orc warrior is almost dead.
The walls and floor vibrate strangely for a moment.
The orc priest casts a cantrip, but nothing happens.
The orc misses you.
The orc warrior hits you with a +0 war axe!
You shoot an arrow.
The arrow barely misses the orc warrior.
The orc priest looks encouraged for a moment.
The orc warrior hits you with a +0 war axe!
The orc hits you with a +0 club.
7366 ||| DRINKING potion of heal wounds.
You feel much better. The orc priest closely misses you.
The orc hits you but does no damage.
The orc warrior hits you with a +0 war axe!
You shoot an arrow.
The arrow hits the orc warrior but does no damage.
The orc warrior is almost dead.
The orc priest misses you. You furiously retaliate!
You headbutt the orc priest. The orc hits you but does no damage.
The orc warrior misses you.
You shoot an arrow.
The arrow hits the orc warrior but does no damage.
The orc warrior is almost dead.
The orc priest invokes the aid of Beogh against you.
Pain shoots through your body!
The orc warrior hits you with a +0 war axe!
You die...

#####.#..#.......
'........#..............
######.###..............
....#... ..............
...##### ####.........
....... #....$..###
..##### #.......... ...8
+.......... .#.##
#..@o...... .#...
#..oo......
.#.###########..........
.# ##.................
#.................. ..
#.......).....##)..
...#......%###...# .:.
...####+#....#...# ..
........>.........+


You could see an orc warrior, an orc priest and an orc.

Vanquished Creatures
  Prince Ribbit (D:5)
  Grinder (D:5)
  Menkaure (D:6)
  2 ogres
  A phantom (D:6)
  2 bullfrogs
  2 scorpions
  3 wights (D:7)
  4 killer bees (D:7)
  A vampire bat (D:3)
  A howler monkey (D:5)
  4 hounds
  6 jellies
  3 orc priests
  2 gnoll boudas
  4 iguanas
  Ijyb (D:5)
  3 orc wizards
  Robin (D:3)
  12 gnolls
  11 adders
  5 river rats
  3 shadow imps (D:6)
  4 worms
  5 dart slugs
  34 orcs
  9 ball pythons
  4 bats
  5 bat zombies (D:3)
  13 endoplasms
  7 giant cockroaches
  14 goblins
  6 hobgoblins
  5 quokkas
  11 frilled lizards
  10 kobolds
  9 rats
210 creatures vanquished.

Notes
Turn   | Place    | Note
-------+----------+-------------------------------------------
     0 | D:1      | qw the Minotaur Hunter began the quest for the Orb.
     0 | D:1      | Reached XP level 1. HP: 18/18 MP: 0/0
     0 | D:1      | 0 ||| qw: Version: 0.2-a-119-g7aa9181
     0 | D:1      | 0 ||| qw: Game counter: 2895
     0 | D:1      | 0 ||| qw: Always use a shield: true
     0 | D:1      | 0 ||| qw: God list: Okawaru
     0 | D:1      | 0 ||| qw: Allow faded altars: false
     0 | D:1      | 0 ||| qw: Do Orc after D:15 true
     0 | D:1      | 0 ||| qw: Do second Lair branch before Depths: true
     0 | D:1      | 0 ||| qw: Lair rune preference: random
     0 | D:1      | 0 ||| qw: Plans: Normal
     0 | D:1      | 0 ||| PLANNING D:1-11
   139 | D:1      | Reached XP level 2. HP: 25/25 MP: 1/1
   176 | D:1      | Reached skill level 5 in Ranged Weapons
   386 | D:1      | Reached skill level 3 in Fighting
   627 | D:1      | 627 ||| DROPPING amulet of magic regeneration.
   628 | D:1      | 628 ||| READING 2 scrolls labelled SOXAPO CYALI.
   629 | D:1      | 629 ||| READING scroll labelled WAD SOZEVEI.
   634 | D:1      | 634 ||| READING scroll labelled NOUDOCK ALOSUB.
   635 | D:1      | 635 ||| READING scroll labelled PAMIEM EM MOA.
   636 | D:1      | 636 ||| DROPPING scroll of amnesia.
   637 | D:1      | 637 ||| DROPPING scroll of butterflies.
   688 | D:2      | Reached XP level 3. HP: 24/31 MP: 2/2
   828 | D:2      | Found Napp's Weapon Shop.
   856 | D:2      | You fall into a shaft and drop 2 floors!
   894 | D:4      | Reached skill level 6 in Ranged Weapons
   894 | D:4      | Reached XP level 4. HP: 35/38 MP: 3/3
  1035 | D:4      | Reached XP level 5. HP: 29/47 MP: 4/4
  1040 | D:4      | HP: 7/47 [gnoll/+0 flail[a gnoll bouda] (12)]
  1465 | D:4      | Reached skill level 7 in Ranged Weapons
  1568 | D:4      | 1568 ||| UPGRADING to +0 cloak.
  1573 | D:4      | 1573 ||| READING scroll of enchant armour.
  1573 | D:4      | 1573 ||| ENCHANTING +0 cloak.
  1574 | D:4      | 1574 ||| DROPPING ring of magical power.
  1575 | D:4      | 1575 ||| READING scroll labelled ZEHAIL BIZYR.
  1576 | D:4      | 1576 ||| DRINKING 2 fuming blue potions.
  1577 | D:4      | 1577 ||| DROPPING potion of degeneration.
  1583 | D:3      | Found Xextisch's Distillery.
  1593 | D:3      | 1593 ||| BUYING potion of curing (30 gold).
  1593 | D:3      | Bought a potion of curing for 30 gold pieces
  1593 | D:3      | 1593 ||| BUYING potion of curing (30 gold).
  1593 | D:3      | Bought a potion of curing for 30 gold pieces
  1593 | D:3      | 1593 ||| SHOPLISTING potion of might (40 gold, have 16).
  1593 | D:3      | 1593 ||| SHOPLISTING potion of mutation (80 gold, have 16).
  1629 | D:3      | Reached XP level 6. HP: 53/53 MP: 5/5
  1630 | D:3      | Found an ancient bone altar of Kikubaaqudgha.
  1637 | D:3      | Reached skill level 1 in Armour
  1950 | D:2      | 1950 ||| DRINKING 2 dark potions.
  1951 | D:2      | 1951 ||| READING 2 scrolls of identify.
  1951 | D:2      | 1951 ||| IDENTIFYING pink potion
  1952 | D:2      | 1952 ||| DROPPING potion of brilliance.
  1993 | D:3      | 1993 ||| STAIRDANCE
  2083 | D:2      | 2083 ||| READING scroll labelled MIYSIN PEUNKA.
  2779 | D:3      | Noticed Robin
  2780 | D:3      | 2780 ||| Stepping ~*~*~tactically~*~*~ (outnumbered).
  2782 | D:3      | 2782 ||| Stepping ~*~*~tactically~*~*~ (outnumbered).
  2792 | D:3      | Killed Robin
  2823 | D:3      | Found a sacrificial altar of Ru.
  3107 | D:3      | 3107 ||| UPGRADING to +0 ring mail.
  3117 | D:3      | 3117 ||| DROPPING +0 leather armour.
  3118 | D:3      | 3118 ||| READING scroll labelled DIGRAQA MEUXU.
  3119 | D:3      | 3119 ||| READING 2 scrolls of identify.
  3119 | D:3      | 3119 ||| IDENTIFYING smoky coppery potion
  3120 | D:3      | 3120 ||| DROPPING potion of berserk rage.
  3446 | D:4      | Found a radiant altar of Vehumet.
  3449 | D:4      | Found a sparkling altar of Nemelex Xobeh.
  3453 | D:4      | Found a shimmering altar of Xom.
  3529 | D:4      | Reached skill level 8 in Ranged Weapons
  3538 | D:4      | 3538 ||| FLEEEEING.
  3540 | D:4      | 3540 ||| FLEEEEING.
  3541 | D:4      | 3541 ||| FLEEEEING.
  3542 | D:4      | 3542 ||| FLEEEEING.
  3543 | D:4      | 3543 ||| FLEEEEING.
  3544 | D:4      | 3544 ||| FLEEEEING.
  3545 | D:4      | 3545 ||| FLEEEEING.
  3546 | D:4      | 3546 ||| FLEEEEING.
  3547 | D:4      | 3547 ||| FLEEEEING.
  3548 | D:4      | 3548 ||| FLEEEEING.
  3549 | D:4      | 3549 ||| FLEEEEING.
  3550 | D:4      | 3550 ||| FLEEEEING.
  3551 | D:4      | 3551 ||| FLEEEEING.
  3552 | D:4      | 3552 ||| FLEEEEING.
  3553 | D:4      | 3553 ||| FLEEEEING.
  3554 | D:4      | 3554 ||| FLEEEEING.
  3555 | D:4      | 3555 ||| FLEEEEING.
  3556 | D:4      | 3556 ||| FLEEEEING.
  3557 | D:4      | 3557 ||| FLEEEEING.
  3558 | D:4      | 3558 ||| FLEEEEING.
  3559 | D:4      | 3559 ||| FLEEEEING.
  3560 | D:4      | 3560 ||| FLEEEEING.
  3561 | D:4      | 3561 ||| FLEEEEING.
  3562 | D:4      | 3562 ||| FLEEEEING.
  3563 | D:4      | 3563 ||| FLEEEEING.
  3564 | D:4      | 3564 ||| FLEEEEING.
  3565 | D:4      | 3565 ||| FLEEEEING.
  3566 | D:4      | 3566 ||| FLEEEEING.
  3567 | D:4      | 3567 ||| FLEEEEING.
  3568 | D:4      | 3568 ||| FLEEEEING.
  3569 | D:4      | 3569 ||| FLEEEEING.
  3570 | D:4      | 3570 ||| FLEEEEING.
  3571 | D:4      | 3571 ||| FLEEEEING.
  3572 | D:4      | 3572 ||| FLEEEEING.
  3573 | D:4      | 3573 ||| FLEEEEING.
  3574 | D:4      | 3574 ||| FLEEEEING.
  3575 | D:4      | 3575 ||| FLEEEEING.
  3576 | D:4      | 3576 ||| FLEEEEING.
  3578 | D:4      | 3578 ||| FLEEEEING.
  3579 | D:4      | 3579 ||| FLEEEEING.
  3580 | D:4      | 3580 ||| FLEEEEING.
  3581 | D:4      | 3581 ||| FLEEEEING.
  3582 | D:4      | 3582 ||| FLEEEEING.
  3583 | D:4      | 3583 ||| FLEEEEING.
  3584 | D:4      | 3584 ||| FLEEEEING.
  3585 | D:4      | 3585 ||| FLEEEEING.
  3586 | D:4      | 3586 ||| FLEEEEING.
  3587 | D:4      | 3587 ||| FLEEEEING.
  3588 | D:4      | 3588 ||| FLEEEEING.
  3589 | D:4      | 3589 ||| FLEEEEING.
  3590 | D:4      | 3590 ||| FLEEEEING.
  3591 | D:4      | 3591 ||| FLEEEEING.
  3592 | D:4      | 3592 ||| FLEEEEING.
  3593 | D:4      | 3593 ||| FLEEEEING.
  3594 | D:4      | 3594 ||| FLEEEEING.
  3595 | D:4      | 3595 ||| FLEEEEING.
  3597 | D:4      | 3597 ||| FLEEEEING.
  3599 | D:4      | 3599 ||| FLEEEEING.
  3600 | D:4      | 3600 ||| FLEEEEING.
  3601 | D:4      | 3601 ||| FLEEEEING.
  3602 | D:4      | 3602 ||| FLEEEEING.
  3603 | D:4      | 3603 ||| FLEEEEING.
  3604 | D:4      | 3604 ||| STAIRDANCE
  3673 | D:4      | 3673 ||| STAIRDANCE
  3817 | D:4      | Reached XP level 7. HP: 57/61 MP: 6/6
  4029 | D:5      | Entered Level 5 of the Dungeon
  4035 | D:5      | 4035 ||| STAIRDANCE
  4188 | D:5      | Noticed Ijyb
  4196 | D:5      | 4196 ||| DRINKING 2 potions of curing.
  4196 | D:5      | 4196 ||| (to cure confusion)
  4196 | D:5      | Killed Ijyb
  4548 | D:5      | Reached skill level 9 in Ranged Weapons
  4789 | D:5      | 4789 ||| Stepping ~*~*~tactically~*~*~ (outnumbered).
  4790 | D:5      | 4790 ||| Stepping ~*~*~tactically~*~*~ (outnumbered).
  4818 | D:5      | Reached skill level 3 in Dodging
  4821 | D:5      | HP: 12/61 [gnoll/+0 spear[a gnoll bouda] (6)]
  4822 | D:5      | 4822 ||| READING 2 scrolls of teleportation.
  4823 | D:5      | 4823 ||| DRINKING potion of heal wounds.
  5194 | D:5      | Reached skill level 6 in Fighting
  5194 | D:5      | Reached XP level 8. HP: 66/70 MP: 7/7
  5250 | D:5      | 5250 ||| DRINKING 2 potions of curing.
  5250 | D:5      | 5250 ||| (to cure confusion)
  5303 | D:5      | Noticed Prince Ribbit
  5315 | D:5      | Killed Prince Ribbit
  5316 | D:5      | Reached skill level 10 in Ranged Weapons
  5507 | D:5      | 5507 ||| UPGRADING to +0 leather armour of poison
                  | resistance.
  5517 | D:5      | 5517 ||| UPGRADING to +0 pair of boots.
  5522 | D:5      | 5522 ||| UPGRADING to ring of positive energy.
  5547 | D:6      | Noticed Grinder
  5548 | D:6      | 5548 ||| PLANNING SEWER
  5554 | D:6      | 5554 ||| STAIRDANCE
  5563 | D:5      | Killed Grinder
  5610 | D:6      | Found a staircase to the Ecumenical Temple.
  5781 | D:6      | Identified the +1 hand axe of the Kissing Weasel {heavy,
                  | rElec rC+ Str-3}
  5822 | D:6      | Noticed Menkaure
  5828 | D:6      | Killed Menkaure
  5877 | D:6      | Found a bloodstained altar of Trog.
  5935 | D:6      | Found a glowing drain.
  5936 | D:6      | 5936 ||| READING scroll labelled MYBRYSH HENUGEORPH.
  5937 | D:6      | 5937 ||| READING 4 scrolls of identify.
  5937 | D:6      | 5937 ||| IDENTIFYING golden potion
  5938 | D:6      | 5938 ||| DROPPING potion of invisibility.
  5949 | D:6      | 5949 ||| Stepping ~*~*~tactically~*~*~ (water).
  5959 | Sewer    | Entered a sewer
  6017 | Sewer    | 6017 ||| Stepping ~*~*~tactically~*~*~ (water).
  6020 | Sewer    | 6020 ||| Stepping ~*~*~tactically~*~*~ (water).
  6042 | Sewer    | Reached skill level 11 in Ranged Weapons
  6059 | Sewer    | 6059 ||| Stepping ~*~*~tactically~*~*~ (water).
  6067 | Sewer    | 6067 ||| Stepping ~*~*~tactically~*~*~ (water).
  6095 | Sewer    | Reached XP level 9. HP: 79/79 MP: 8/8
  6116 | Sewer    | Found a viscous altar of Jiyva.
  6208 | Sewer    | 6208 ||| READING scroll labelled LEWNUU YGIPOOW.
  6209 | Sewer    | 6209 ||| READING 4 scrolls of identify.
  6209 | Sewer    | 6209 ||| IDENTIFYING murky yellow potion
  6226 | D:6      | 6226 ||| PLANNING TEMPLE
  6277 | Temple   | Entered the Ecumenical Temple
  6318 | Temple   | 6318 ||| PLANNING OKAWARU WORSHIP
  6389 | Temple   | Became a worshipper of Warmaster Okawaru
  6389 | Temple   | 6389 ||| PLANNING D:1-11
  6685 | D:6      | 6685 ||| UPGRADING to amulet of reflection.
  6745 | D:7      | Noticed Maggie
  6767 | D:7      | HP: 8/79 [Maggie/+0 broad axe (14)]
  6768 | D:7      | 6768 ||| READING scroll of teleportation.
  6769 | D:7      | 6769 ||| DRINKING 2 potions of heal wounds.
  7115 | D:7      | Found a blossoming altar of Fedhas.
  7175 | D:7      | Reached skill level 12 in Ranged Weapons
  7365 | D:7      | HP: 12/79 [orc warrior/+0 war axe (13)]
  7366 | D:7      | 7366 ||| DRINKING potion of heal wounds.
  7368 | D:7      | Slain by an orc warrior

Levels and vault maps discovered:
D:1:      lemuel_arrival_cross, layout_loops_cross, minmay_lizard_king
D:2:      layout_rooms, serial_shops, shop
D:3:      layout_basic, nicolae_overflow_crystal_walls,
          kennysheep_vampire_church, serial_shops, shop, st_stairs_9,
          nicolae_eternal_life, uniq_robin
D:4:      layout_basic, grunt_temple_overflow_diamond, nicolae_hexahallways
D:5:      layout_basic, uniq_ijyb, uniq_prince_ribbit1
D:6:      layout_loops_ring, mainiacjoe_overflow_six_doors_small,
          minmay_temple_entry_offerings, cheibrodos_sewer_entry_sluice,
          uniq_grinder, uniq_menkaure
D:7:      layout_basic, nicolae_dithmenos_through_a_glass_darkly,
          mainiacjoe_overflow_chevrons, enter_bailey_8, uniq_maggie
Temple:   compressed_dpeg_circular_temple

Skill      XL: |  1  2  3  4  5  6  7  8  9 |
---------------+----------------------------+-----
Ranged Weapons | 5 6 7 8 9 11 12 | 12.0
Fighting       | 3 4 5 6 7 |  7.2
Armour         | 1 2 |  2.3
Dodging        | 3 4 5 |  5.0
Stealth        | |  0.7

Action                     |  1- 3 |  4- 6 |  7- 9 || total
---------------------------+-------+-------+-------++-------
   Fire: Shortbow          |    84 |   270 |   488 ||   842
    Use: Scroll            |     4 |     6 |     6 ||    16
         Potion            |       |     2 |     5 ||     7
 Armour: Leather armour    |    13 |    29 |    29 ||    71
         Ring mail         |       |     7 |    21 ||    28
  Dodge: Dodged            |    27 |   109 |   158 ||   294
  Block: Other             |       |       |    16 ||    16

Table legend:
 A = Non-vault XP
 B = Vault XP
 C = Vault XP percentage of total XP
 D = Non-vault monster count
 E = Vault monster count
 F = Vault count percentage of total count
                 A         B        C        D         E       F
            +---------+---------+-------+---------+---------+-------
      Total |    2487 |    1183 |  32.2 |     136 |      74 |  35.2
            +---------+---------+-------+---------+---------+-------
        D:1 |      29 |       9 |  23.7 |      14 |       9 |  39.1
        D:2 |      76 |       5 |   6.2 |      15 |       2 |  11.8
        D:3 |      51 |     108 |  67.9 |      17 |      20 |  54.1
        D:4 |     529 |       0 |   0.0 |      33 |       0 |   0.0
        D:5 |     665 |     604 |  47.6 |      27 |       3 |  10.0
        D:6 |     449 |     191 |  29.8 |      16 |       5 |  23.8
        D:7 |     688 |       0 |   0.0 |      14 |       0 |   0.0
      Sewer |       0 |     266 | 100.0 |       0 |      35 | 100.0
            +---------+---------+-------+---------+---------+-------
